 Dungeon Crawl Stone Soup version 0.28.0-45-g0d030f2227 (webtiles) character file.

Game seed: 16549742648625293976

720 McKennaii the Gusty (level 7, -2/36 HPs)
             Began as a Tengu Air Elementalist on Apr 16, 2022.
             Slain by Duvessa
             ... wielding a +0 short sword
              (18 damage)
             ... on level 5 of the Dungeon.
             The game lasted 00:07:58 (6099 turns).

McKennaii the Gusty (Tengu Air Elementalist)        Turns: 6099, Time: 00:07:59

Health: -2/36      AC:  6    Str:  8    XL:     7   Next: 70%
Magic:  6/14       EV: 16    Int: 17    God:
Gold:   286        SH:  0    Dex: 15    Spells: 6/14 levels left

rFire   . . .      SeeInvis +   j - +1 dagger (elec)
rCold   . . .      Faith    .   (no shield)
rNeg    + . .      Spirit   .   u - +2 robe {rN+}
rPois   .          Reflect  .   b - +0 mask of the Dragon {Will+ Slay+3 SInv}
rElec   .          Harm     .   q - +1 cloak
rCorr   .          Rampage  .   (no gloves)
Will    +....                   (boots unavailable)
Stlth   +++.......              (no amulet)
HPRegen 0.12/turn               k - ring of see invisible
MPRegen 0.14/turn               (no ring)

@: flying quickly and evasively, quick
A: beak, talons 3, nimble flight
a: no special abilities


You were on level 5 of the Dungeon.
You visited 2 branches of the dungeon, and saw 6 of its levels.

You collected 286 gold pieces.

Inventory:

Hand Weapons
 j - a +1 dagger of electrocution (weapon)
Armour
 b - the +0 mask of the Dragon (worn) {Will+ Slay+3 SInv}
   (You acquired it on level 5 of the Dungeon)

   Slay:      It affects your accuracy & damage with ranged weapons and melee
   (+3).
   SInv:      It lets you see invisible.
   Will:      It increases your willpower.
 q - a +1 cloak (worn)
 u - a +2 robe of positive energy (worn)
Jewellery
 k - a ring of see invisible (left hand)
Wands
 o - a wand of flame (24)
Scrolls
 e - a scroll of fear
 f - a scroll of enchant armour
 h - a scroll of vulnerability
 i - a scroll of magic mapping
 l - a scroll of immolation {unknown}
 m - a scroll of teleportation
 n - a scroll of noise {unknown}
Potions
 c - 2 potions of brilliance
 d - a potion of heal wounds
 g - 2 potions of mutation {unknown}
 p - a potion of curing {unknown}
 r - a potion of magic {unknown}
 s - a potion of degeneration {unknown}
 t - a potion of berserk rage {unknown}


   Skills:
 - Level 4.0 Dodging
 - Level 4.0 Stealth
 + Level 4.1 Spellcasting
 + Level 5.2 Conjurations
 + Level 6.5 Air Magic


You had 6 spell levels left.
You knew the following spells:

 Your Spells              Type           Power      Damage    Failure   Level
a - Shock                 Conj/Air       92%        1d8       1%          1
b - Swiftness             Air            25%        N/A       3%          3
c - Airstrike             Air            12%        N/A       11%         4

Your spell library contained the following spells:

 Spells                   Type           Power      Damage    Failure   Level
 Static Discharge         Conj/Air       23%        N/A       1%          2
 Poisonous Vapours        Pois/Air       28%        N/A       6%          2
 Sting                    Tmut/Pois      12%        1d3       16%         1
 Blink                    Tloc           6%         N/A       24%         2
 Sublimation of Blood     Necr           3%         N/A       24%         2
 Lesser Beckoning         Tloc           3%         N/A       43%         3
 Olgreb's Toxic Radiance  Pois           3%         N/A       83%         4
 Petrify                  Tmut/Erth      3%         N/A       83%         4
 Irradiate                Conj/Tmut      6%         3d15      83%         5
 Manifold Assault         Tloc           3%         N/A       99%         5


Dungeon Overview and Level Annotations

Branches:
Dungeon (5/15)             Temple (1/1) D:4

Altars:
Elyvilon
Fedhas
Gozag
Hepliaklqana
Kikubaaqudgha
Makhleb
Nemelex Xobeh
Qazlal
Ru
Sif Muna
Trog
Uskayaw
Wu Jian
Xom
Yredelemnul
Zin
Jiyva

Shops:
D:3 (

Annotations:
D:5 Duvessa


Innate Abilities, Weirdness & Mutations

You have a beak for a mouth.
You have claws for feet.
Your magical nature lets you fly swiftly and evasively.


Message History

Duvessa is moderately wounded.
Duvessa completely misses you. Duvessa closely misses you.
Unknown command.
Casting: Shock (safe; 1% risk of failure)
Confirm with . or Enter, or press ? or * to list all spells.
Aiming: Shock (safe; 1% risk of failure)
Press: ? - help, Shift-Dir - straight line The zap hits Duvessa.
Duvessa is moderately wounded.
The zap hits Duvessa.
Duvessa is heavily wounded.
Duvessa hits you with a +0 short sword!
Unknown command.
Casting: Shock (safe; 1% risk of failure)
Confirm with . or Enter, or press ? or * to list all spells.
Aiming: Shock (safe; 1% risk of failure)
Press: ? - help, Shift-Dir - straight line The zap misses Duvessa.
The zap hits Duvessa.
Duvessa is heavily wounded.
Duvessa hits you with a +0 short sword. Duvessa barely misses you.
Unknown command.
Unknown command.
Casting: Shock (safe; 1% risk of failure)
Confirm with . or Enter, or press ? or * to list all spells.
Aiming: Shock (safe; 1% risk of failure)
Press: ? - help, Shift-Dir - straight line The zap hits Duvessa!
Duvessa is severely wounded.
The zap hits Duvessa.
Duvessa is severely wounded.
Duvessa barely misses you.
Unknown command.
Casting: Shock (safe; 1% risk of failure)
Confirm with . or Enter, or press ? or * to list all spells.
Aiming: Shock (safe; 1% risk of failure)
Press: ? - help, Shift-Dir - straight line The zap misses Duvessa. x2
Duvessa hits you with a +0 short sword!!
Ouch! That really hurt!
You die...

#......# #........)##.##...####
##....## #...#......#.######
#...### #...#.####.#.#######
...## ##.##.####.#.......#
.#.#### #.......#.#..####.#
......# ####.##.#.#..####.###
.####.# #######.##.#.#..........
.####.####.......e....##.####.###
.##...........##@##.####......#
..<....###.##.##.##.###########
.........#..............#
.......#.#.#####.##.###.#
####...#.#.#####.##.###.#
####...#.#......)...##..#
.......#.#.......#####.##
.........#.......# #.#
.8888.####.......# #.#


You could see Duvessa (berserk).

Vanquished Creatures
  A sky beast (D:5)
  A black bear (D:5)
  A necrophage (D:5)
  2 water moccasin skeletons
  Dowan (D:5)
  A jelly (D:4)
  A centaur zombie (D:5)
  2 hounds (D:5)
  A centaur skeleton (D:5)
  An orc wizard (D:5)
  A hound zombie (D:5)
  A howler monkey zombie (D:3)
  2 adders
  3 dart slugs
  9 endoplasms
  3 giant cockroaches
  7 goblins
  8 hobgoblins
  9 jackals
  4 quokkas
  6 ball pythons
  7 bats
  2 frilled lizards (D:3)
  5 kobolds
  2 rats (D:1)
81 creatures vanquished.

Notes
Turn   | Place    | Note
-------+----------+-------------------------------------------
     0 | D:1      | McKennaii the Tengu Air Elementalist began the quest for
                  | the Orb.
     0 | D:1      | Reached XP level 1. HP: 10/10 MP: 4/4
   215 | D:1      | Reached XP level 2. HP: 15/15 MP: 4/6
   334 | D:1      | Found a faded altar of an unknown god.
   663 | D:1      | Reached XP level 3. HP: 19/19 MP: 4/7
  1731 | D:3      | Learned a level 3 spell: Swiftness
  1817 | D:3      | Reached XP level 4. HP: 24/24 MP: 2/8
  2347 | D:3      | Found a sparkling altar of Nemelex Xobeh.
  2598 | D:3      | Found Ozeceap's Antique Weapon Emporium.
  2665 | D:3      | Found a burning altar of Makhleb.
  3305 | D:4      | Found a hide-covered altar of Uskayaw.
  3430 | D:4      | Learned a level 4 spell: Airstrike
  3438 | D:4      | Reached skill level 5 in Air Magic
  3438 | D:4      | Gained mutation: Your magical nature lets you fly swiftly
                  | and evasively. [Tengu growth]
  3438 | D:4      | Reached XP level 5. HP: 23/28 MP: 2/10
  3580 | D:4      | Found a staircase to the Ecumenical Temple.
  3621 | Temple   | Entered the Ecumenical Temple
  3956 | D:5      | Entered Level 5 of the Dungeon
  3963 | D:5      | Reached XP level 6. HP: 25/32 MP: 4/11
  4117 | D:5      | Noticed a black bear
  4132 | D:5      | Killed a black bear
  4391 | D:5      | Reached XP level 7. HP: 32/36 MP: 5/13
  4581 | D:5      | Found a basalt altar of Yredelemnul.
  4731 | D:5      | Noticed Dowan
  4732 | D:5      | Noticed Duvessa
  5135 | D:5      | Found a glowing silver altar of Zin.
  5135 | D:5      | Noticed an angel
  5203 | D:5      | Reached skill level 6 in Air Magic
  5272 | D:5      | Found a sacrificial altar of Ru.
  5290 | D:5      | Reached skill level 5 in Conjurations
  5587 | D:5      | Found an ornate altar of the Wu Jian Council.
  5695 | D:5      | Identified a scroll of acquirement
  5701 | D:5      | Acquired the +0 mask of the Dragon {Will+ Slay+3 SInv}
  5701 | D:5      | Found the +0 mask of the Dragon {Will+ Slay+3 SInv}
  5990 | D:5      | Killed Dowan
  6099 | D:5      | Slain by Duvessa

Illustrated notes

Levels and vault maps discovered:
D:1:      dpeg_arrival_tiny_i, layout_rooms, hellmonk_ecumenical_altar_lost_god
D:2:      layout_basic
D:3:      layout_loops_corners, amcnicky_altar_gilded,
          nemelex_spade_bored_becter, serial_shops, shop
D:4:      layout_gridville, mainiacjoe_overflow_brackets,
          minmay_temple_entry_mist
D:5:      layout_loops_cross, mainiacjoe_overflow_chevrons,
          nzn_wu_jian_council_hall, mainiacjoe_overflow_alcove_2, zin_angel,
          minmay_between, uniq_duvessa
Temple:   pf_slimified_temple

Skill      XL: |  1  2  3  4  5  6  7 |
---------------+----------------------+-----
Conjurations   | 2 3 4 5 |  5.2
Dodging        | 3 4 |  4.0
Stealth        | 3 4 |  4.0
Air Magic      | 5 6 |  6.5
Spellcasting   | 3 4 |  4.1

Action                   |  1- 3 |  4- 6 |  7- 9 || total
-------------------------+-------+-------+-------++-------
Melee: Unarmed           |     9 |     8 |    12 ||    29
       Kick              |     3 |       |     4 ||     7
       Peck              |     1 |     2 |     3 ||     6
 Cast: Shock             |    92 |   115 |    47 ||   254
       Swiftness         |       |       |     1 ||     1
       Airstrike         |       |       |     1 ||     1
  Use: Scroll            |       |       |    11 ||    11
Armor: Robe              |     3 |     9 |     1 ||    13
Dodge: Dodged            |    20 |    25 |    32 ||    77
